 Dungeon Crawl Stone Soup version 0.32-a0-520-g344ed53f66 (webtiles) character file.

Game seed: 13582008360838667161

67508 tbh1313 the Devastator (level 14, 68/68 HPs)
             Began as a Deep Elf Conjurer on Dec 8, 2023.
             Was an Elder of Vehumet.
             Quit the game on level 4 of the Lair of Beasts on Feb 28, 2024.
             The game lasted 01:03:57 (20607 turns).

tbh1313 the Devastator (Deep Elf Conjurer)         Turns: 20607, Time: 01:03:58

Health: 68/68      AC: 12    Str:  8    XL:     14   Next: 83%
Magic:  39/39      EV: 18    Int: 31    God:    Vehumet [****..]
Gold:   1153       SH:  5    Dex: 13    Spells: 8/33 levels left

rFire   + . .        h - +6 whip (elec)
rCold   + . .        (no shield)
rNeg    . . .        G - +2 robe of the Lizard {rElec}
rPois   .            b - +2 hat {Stlth+}
rElec   +            J - scarf {rC+ rF+}
rCorr   .            o - +2 pair of gloves
SInv    .            i - +2 pair of boots
Will    +....        H - amulet of reflection
Stlth   +++++        u - +6 ring of intelligence
HPRegen 0.31/turn    z - ring of magical power
MPRegen 0.26/turn

%: reflection
@: no status effects
A: no striking features
a: Renounce Religion


You were on level 4 of the Lair of Beasts.
You worshipped Vehumet.
Vehumet was greatly pleased with you.
You visited 3 branches of the dungeon, and saw 16 of its levels.
You also visited: Ossuary, Bailey and Volcano.

You collected 1153 gold pieces.

Inventory:

Hand Weapons
 h - a +6 whip of electrocution (weapon)
Missiles
 m - a throwing net
Armour
 b - a +2 hat of stealth (worn)
 i - a +2 pair of boots (worn)
 o - a +2 pair of gloves (worn)
 G - the +2 robe of the Lizard (worn) {rElec}
   (You acquired it on level 10 of the Dungeon)

   rElec:     It insulates you from electricity.
 J - a scarf of resistance (worn)
Jewellery
 l - a ring of ice
 u - a +6 ring of intelligence (left hand)
 z - a ring of magical power (right hand)
 E - a ring of willpower
 F - an amulet of the acrobat
 H - an amulet of reflection (around neck)
 L - a ring of protection from fire
 O - a ring of protection from fire
Wands
 t - a wand of mindburst (25)
 w - a wand of light (10)
 I - a wand of iceblast (5)
 N - a wand of polymorph (6)
Scrolls
 a - 4 scrolls of identify
 e - 2 scrolls of noise
 g - 3 scrolls of fear
 q - 5 scrolls of immolation
 s - 5 scrolls of poison
 v - 5 scrolls of enchant armour
 y - a scroll of teleportation
Potions
 c - 2 potions of attraction
 d - a potion of enlightenment
 f - 4 potions of resistance
 j - 2 potions of berserk rage
 k - 6 potions of curing
 n - a potion of invisibility
 r - 2 potions of might
 x - 4 potions of mutation
 A - 5 potions of haste
 B - a potion of brilliance
 C - 2 potions of lignification
 D - 3 potions of ambrosia
 K - 3 potions of magic
 M - a potion of heal wounds
Miscellaneous
 p - a phantom mirror


   Skills:
 - Level 8.0 Maces & Flails
 + Level 13.6 Dodging
 - Level 8.0 Stealth
 - Level 10.0 Spellcasting
 - Level 17.7 Conjurations
 - Level 6.0 Hexes
 - Level 6.0 Translocations


You had 8 spell levels left.
You knew the following spells:

 Your Spells              Type           Power      Damage    Failure   Level
a - Magic Dart            Conj           100%       1d8       0%          1
b - Searing Ray           Conj           100%       2d8       0%          2
c - Iskenderun's Mystic   Conj/Tloc      73%        2d15      1%          4
d - Stone Arrow           Conj/Erth      100%       3d13      1%          3
e - Fulminant Prism       Conj/Alch      31%        3d15      1%          4
f - Blink                 Tloc           100%       N/A       1%          2
g - Foxfire               Conj/Fire      100%       2x1d9     1%          1
h - Mephitic Cloud        Conj/Alch/Air  51%        N/A       1%          3
i - Fireball              Conj/Fire      31%        3d13      1%          5

Your spell library contained the following spells:

 Spells                   Type           Power      Damage    Failure   Level
 Lesser Beckoning         Tloc           100%       N/A       1%          2
 Momentum Strike          Conj/Tloc      100%       3d10      1%          2
 Dazzling Flash           Conj/Hex       100%       N/A       1%          3
 Frozen Ramparts          Ice            30%        1d5       2%          3
 Manifold Assault         Tloc           51%        N/A       2%          4
 Call Imp                 Summ           30%        N/A       4%          2
 Metabolic Englaciation   Hex/Ice        17%        N/A       26%         5
 Silence                  Hex/Air        17%        N/A       26%         5
 Petrify                  Alch/Erth      15%        N/A       32%         4
 Curse of Agony           Necr           15%        N/A       65%         5


Dungeon Overview and Level Annotations

Branches:
Dungeon (11/15)            Temple (1/1) D:4            Lair (4/5) D:10
  Swamp (0/4) Lair:3        Snake (0/4) Lair:2          Orc (0/2) D:9
Ossuary (visited)          Bailey (visited)         Volcano (visited)
  Slime: Lair:4-5

Altars:
Ashenzari
Cheibriados
Dithmenos
Elyvilon
Fedhas
Gozag
Hepliaklqana
Kikubaaqudgha
Makhleb
Nemelex Xobeh
Okawaru
Qazlal
Ru
Sif Muna
Trog
Uskayaw
Vehumet
Wu Jian
Xom
Yredelemnul
Zin
The Shining One
Lugonu

Portals:
Trove: D:10 (lose all piety)

Annotations:
D:2 1 runed translucent door, Crazy Yiuf
D:8 2 transporters


Message History

The stone arrow hits the death yak!
The death yak is severely wounded.
You block the death yak's attack.
Casting: Stone Arrow (safe; 1% risk of failure)
Confirm with . or Enter, or press ? or * to list all spells.
Aiming: Stone Arrow (safe; 1% risk of failure)
Press: ? - help, Shift-Dir - straight line, f/p - death yak
Aim: a death yak (severely wounded, 92% to hit)
The stone arrow hits the death yak!!
The death yak is almost dead.
The death yak misses you.
Casting: Stone Arrow (safe; 1% risk of failure)
Confirm with . or Enter, or press ? or * to list all spells.
Aiming: Stone Arrow (safe; 1% risk of failure)
Press: ? - help, Shift-Dir - straight line, f/p - death yak
Aim: a death yak (almost dead, 92% to hit)
The stone arrow hits the death yak!!
You kill the death yak!
Vehumet accepts your kill.
There is a stone staircase leading up here.
You start resting.
HP restored.
You start resting.
Magic restored.
Done exploring.
Done exploring.
Done exploring.
Okay, then.
Saving game... please wait.
Welcome back, tbh1313 the Deep Elf Conjurer.
Vehumet says: Let it end in hellfire!
Press ? for a list of commands and other information.
Saving game... please wait.
Welcome back, tbh1313 the Deep Elf Conjurer.
Vehumet says: Let it end in hellfire!
Press ? for a list of commands and other information.
Unknown command.
Okay, then.
Okay, then.
Are you sure you want to abandon this character and quit the game? (Confirm with "yes".)

........<.##.............##..#
............###........###...##
#...........#.#####.#..##.##..###
................##..##.....#....#
......<.......÷.......#..........
.....†...........#####...........
#..).............## #...........
##............#.#.# #...........
#............###@.# #...........
#.#.........##########...........
###.........##.##..##............
##.....######....#.#...........
##.....##.....Y...##..........
##....##...Y.....###.........
##.............#.##P........
##...Y.........####........
##..........).# #.......##


There were no monsters in sight!

Levels and vault maps discovered:
D:1:      dpeg_arrival_tiny_a, layout_loops_corners
D:2:      layout_basic, minmay_misc_feat_square, uniq_crazy_yiuf_cottage
D:3:      layout_basic
D:4:      layout_basic, minmay_temple_entry_wispy, minmay_checkerbox
D:5:      layout_loops_corners, minmay_between
D:6:      layout_loops_ring, serial_aquarium, aquarium_bridge_straight
          [aquarium_subvault_bridge, aquarium_subvault_wall,
          aquarium_subvault_bridge, aquarium_subvault_wall],
          aquarium_window_corner, aquarium_window_corridor_1,
          aquarium_window_double, aquarium_window_1, aquarium_view_2b,
          aquarium_view_2b, aquarium_pool_2, minmay_misc_feat_pillars,
          uniq_sigmund
D:7:      layout_loops_cross, lemuel_doored_altar, okawaru_altar_gauntlet_db
D:8:      gammafunk_corrupted_shrine, layout_basic,
          mainiacjoe_overflow_concentric_impassable,
          gammafunk_temple_overflow_claw, mainiacjoe_ossuary_entry_find_the_door
D:9:      layout_gridville, orc_0_dummy, uniq_gastronok
D:10:     layout_basic, lair_entry_dummy, enter_bailey_5, enter_trove_3,
          billiards_dpeg
D:11:     minmay_the_grid_triangle_9x9_recursive_3
          [minmay_the_grid_triangle_9x9_swiss_cheese,
          minmay_the_grid_triangle_9x9_from_above,
          minmay_the_grid_triangle_9x9_windchime,
          minmay_the_grid_triangle_9x9_prize_center,
          minmay_the_grid_triangle_9x9_zippers_vertical,
          minmay_the_grid_triangle_9x9_empty,
          minmay_the_grid_triangle_9x9_empty,
          minmay_the_grid_triangle_9x9_shrine,
          minmay_the_grid_triangle_9x9_steps], layout_layer_cave
Temple:   kb_temple_of_zot
Lair:1:   layout_regular_city
Lair:2:   wad_woods_structure_01, layout_small_grid,
          nicolae_snake_entry_warm_welcome, lightli_volcano_entry_magma_tube,
          chequers_serial_rivers_small_a
Lair:3:   layout_regular_city, alex1729_swamp_entry_worm_eleionoma,
          grunt_forest_small_clearing_treed, grunt_megastairs_1
Lair:4:   hellmonk_ruined_rings, layout_cave_pods,
          nicolae_quartered_pool_medium, serial_bayou_pond_c,
          serial_bayou_shore_a

Notes
Turn   | Place    | Note
-------+----------+-------------------------------------------
     0 | D:1      | tbh1313 the Deep Elf Conjurer began the quest for the Orb.
     0 | D:1      | Reached XP level 1. HP: 10/10 MP: 6/6
   323 | D:1      | Reached XP level 2. HP: 13/15 MP: 4/8
   654 | D:1      | Learned a level 2 spell: Searing Ray
  1042 | D:2      | Reached skill level 5 in Conjurations
  1115 | D:2      | Reached XP level 3. HP: 19/19 MP: 8/10
  1186 | D:2      | Noticed a phantom
  1193 | D:2      | Killed a phantom
  1194 | D:2      | Reached XP level 4. HP: 22/24 MP: 2/12
  1347 | D:2      | Reached skill level 6 in Conjurations
  1847 | D:2      | Found a runed translucent door.
  1848 | D:2      | Noticed Crazy Yiuf
  2175 | D:3      | Reached XP level 5. HP: 28/28 MP: 12/14
  3204 | D:4      | Noticed a black bear
  3211 | D:4      | Killed a black bear
  3212 | D:4      | Reached skill level 5 in Spellcasting
  3212 | D:4      | Reached skill level 7 in Conjurations
  3212 | D:4      | Reached XP level 6. HP: 26/32 MP: 6/16
  3386 | D:4      | Found a staircase to the Ecumenical Temple.
  3928 | D:4      | Learned a level 4 spell: Iskenderun's Mystic Blast
  4258 | D:5      | Entered Level 5 of the Dungeon
  4291 | D:5      | Reached skill level 1 in Translocations
  4312 | D:5      | Noticed a water moccasin
  4316 | D:5      | Killed a water moccasin
  4317 | D:5      | Reached skill level 8 in Conjurations
  4317 | D:5      | Reached XP level 7. HP: 36/36 MP: 11/17
  4852 | D:5      | Reached skill level 9 in Conjurations
  5217 | D:5      | Reached XP level 8. HP: 17/41 MP: 9/18
  5776 | D:6      | Reached skill level 10 in Conjurations
  6353 | D:6      | Reached skill level 5 in Translocations
  6412 | D:6      | Noticed Sigmund
  6418 | D:6      | Killed Sigmund
  6479 | D:6      | Reached skill level 11 in Conjurations
  6709 | D:7      | Reached XP level 9. HP: 10/45 MP: 6/19
  7070 | D:7      | Learned a level 3 spell: Mephitic Cloud
  7075 | D:7      | Learned a level 4 spell: Fulminant Prism
  7286 | D:7      | Found an iron altar of Okawaru.
  7466 | Temple   | Entered the Ecumenical Temple
  7497 | Temple   | Became a worshipper of Vehumet
  7662 | D:7      | Learned a level 2 spell: Blink
  7681 | D:7      | Reached skill level 12 in Conjurations
  7859 | D:7      | Found a shadowy altar of Dithmenos.
  8161 | D:7      | Reached skill level 5 in Dodging
  8341 | D:8      | Found a transporter.
  8343 | D:8      | Found a corrupted altar of Lugonu.
  8428 | D:8      | Noticed a red ugly thing
  8443 | D:8      | Noticed a two-headed ogre
  8450 | D:8      | Killed a two-headed ogre
  8451 | D:8      | Reached skill level 1 in Maces & Flails
  8671 | D:8      | Identified the +7 orcbow "Betupn" {elec, *Slow rElec rC++
                  | Str-2}
  8673 | D:8      | Noticed a green ugly thing
  8675 | D:8      | Found a transporter.
  8675 | D:8      | Noticed a purple ugly thing
  8677 | D:8      | Noticed an ancient zyme
  8770 | D:8      | Reached XP level 10. HP: 48/50 MP: 20/20
  8798 | D:8      | Found a sand-covered staircase.
  8823 | Ossuary  | Entered an ossuary
  8880 | Ossuary  | Reached * piety under Vehumet
  8880 | Ossuary  | Offered knowledge of Freeze by Vehumet.
  8916 | Ossuary  | Reached skill level 5 in Stealth
  9570 | D:8      | Offered knowledge of Foxfire by Vehumet.
  9574 | D:8      | Reached ** piety under Vehumet
  9619 | D:8      | Found a hazy altar of Hepliaklqana.
  9804 | D:8      | Found an ornate altar of the Wu Jian Council.
  9804 | D:8      | Found a broken altar of Ashenzari.
  9804 | D:8      | Found an ancient bone altar of Kikubaaqudgha.
  9819 | D:8      | HP: 4/50 [poisoned by an orc warrior]
 10327 | D:9      | Learned a level 1 spell: Foxfire
 10336 | D:9      | Noticed a two-headed ogre
 10346 | D:9      | Noticed Gastronok
 10347 | D:9      | Killed a two-headed ogre
 10380 | D:9      | Killed Gastronok
 10735 | D:9      | Found a staircase to the Orcish Mines.
 11189 | D:10     | Entered Level 10 of the Dungeon
 11236 | D:10     | Reached XP level 11. HP: 44/54 MP: 25/25
 11399 | D:10     | Identified a scroll of acquirement
 11399 | D:10     | Acquired the +2 robe of the Lizard {rElec}
 11566 | D:10     | Noticed a two-headed ogre
 11570 | D:10     | Found a flagged portal.
 11574 | D:10     | Offered knowledge of Hailstorm by Vehumet.
 11576 | D:10     | Killed a two-headed ogre
 11577 | D:10     | Reached skill level 13 in Conjurations
 11647 | Bailey   | Entered a bailey
 11724 | Bailey   | Reached *** piety under Vehumet
 11845 | Bailey   | Reached skill level 1 in Hexes
 11915 | Bailey   | Noticed an orc knight
 11928 | Bailey   | Offered knowledge of Sticky Flame by Vehumet.
 12075 | Bailey   | HP: 3/54 [orc knight/+0 glaive (25)]
 12076 | Bailey   | Killed an orc knight
 12251 | Bailey   | Reached skill level 16 in Conjurations
 12251 | Bailey   | Reached XP level 12. HP: 59/59 MP: 26/26
 12303 | D:10     | Noticed a two-headed ogre
 12312 | D:10     | Killed a two-headed ogre
 12344 | D:10     | Found a staircase to the Lair.
 12474 | D:10     | Reached skill level 5 in Hexes
 13046 | D:10     | Found a portal to a secret trove of treasure.
 13638 | D:11     | Reached skill level 10 in Spellcasting
 13709 | D:11     | Identified the +4 cloak of Grace {Dex+3}
 14316 | D:11     | Noticed a centaur warrior
 14333 | D:11     | Noticed a boulder beetle
 14336 | D:11     | Killed a centaur warrior
 14534 | Lair:1   | Entered Level 1 of the Lair of Beasts
 14568 | D:10     | Reached skill level 5 in Maces & Flails
 14857 | Lair:1   | Reached **** piety under Vehumet
 15189 | Lair:1   | Offered knowledge of Stone Arrow by Vehumet.
 15275 | Lair:1   | Learned a level 3 spell: Stone Arrow
 15620 | Lair:2   | Found a dark tunnel.
 15765 | Lair:2   | Reached XP level 13. HP: 63/63 MP: 29/29
 16212 | Volcano  | Entered a volcano
 16455 | Volcano  | Found a radiant altar of Vehumet.
 16469 | Volcano  | Noticed a red draconian
 16481 | Volcano  | HP: 4/63 [red draconian/+0 flail of flaming (8)]
 16488 | Volcano  | Killed a red draconian
 16880 | Lair:2   | Found a staircase to the Snake Pit.
 17046 | Lair:2   | Reached ***** piety under Vehumet
 17266 | Lair:2   | Offered knowledge of Fireball by Vehumet.
 17275 | Lair:2   | Learned a level 5 spell: Fireball
 17603 | Lair:3   | Reached skill level 10 in Dodging
 17945 | Lair:3   | HP: 4/63 [elephant (10)]
 17952 | Lair:2   | Reached skill level 17 in Conjurations
 17952 | Lair:2   | Reached XP level 14. HP: 6/68 MP: 23/30
 18205 | Lair:3   | Found a staircase to the Swamp.
 18515 | Lair:3   | Identified the +1 scale mail of Leapfrog {rCorr Dex-2
                  | Stlth+}
 20607 | Lair:4   | Upgraded the game from 0.31-a0-1074-g0b22e4e0f1 to
                  | 0.32-a0-520-g344ed53f66
 20607 | Lair:4   | Quit the game

Table legend: (Time is in decaauts)
 A = Elapsed time spent in this place.
 B = Non-inter-level travel time spent in this place.
 C = Inter-level travel time spent in this place.
 D = Time resting spent in this place.
 E = Time spent auto-exploring this place.
 F = Levels seen in this place.
 G = Mean time per level.
                   A        B        C        D        E       F      G
               +--------+--------+--------+--------+--------+-----+--------+
         Total |  20662 |  19621 |   1041 |   4023 |  12839 |  19 | 1087.5 |
       Dungeon |  13189 |  12447 |    742 |   1874 |   8927 |  11 | 1199.0 |
        Temple |     62 |      2 |     60 |      0 |      0 |   1 |   62.0 |
          Lair |   5539 |   5301 |    238 |   1474 |   3182 |   4 | 1384.8 |
       Ossuary |    727 |    727 |      0 |     52 |    464 |   1 |  727.0 |
        Bailey |    643 |    643 |      0 |    410 |    113 |   1 |  643.0 |
       Volcano |    500 |    500 |      0 |    213 |    151 |   1 |  500.0 |
               +--------+--------+--------+--------+--------+-----+--------+

Top non-repeatable levels by time:
  Lair:2: 1719 daAuts
    D:10: 1630 daAuts
  Lair:3: 1613 daAuts
     D:5: 1448 daAuts
     D:4: 1340 daAuts
     D:8: 1335 daAuts
  Lair:4: 1225 daAuts
     D:6: 1175 daAuts
     D:7: 1162 daAuts
    D:11: 1114 daAuts
     D:2: 1064 daAuts
     D:1: 1038 daAuts
     D:9: 1003 daAuts
  Lair:1: 980 daAuts
     D:3: 877 daAuts

Table legend:
 A = Kills in this place as a percentage of kills in the entire game.
 B = Kills by you in this place as a percentage of kills by you in the entire game.
 C = Kills by friends in this place as a percentage of kills by friends in the entire game.
 D = Other kills in this place as a percentage of other kills in the entire game.
 E = Experience gained in this place as a percentage of experience gained in the entire game.
 F = Experience gained in this place divided by the number of levels of this place that you have seen.
                   A       B       C       D       E      F
               +-------+-------+-------+-------+-------+----------------------
         Total | 100.0 | 100.0 | 100.0 |   N/A | 100.0 | 2666.1
       Dungeon |  58.1 |  58.3 |   0.0 |   N/A |  34.1 | 1571.3
          Lair |  22.3 |  22.1 | 100.0 |   N/A |  50.7 | 6416.5
       Ossuary |   7.6 |   7.6 |   0.0 |   N/A |   2.2 | 1103.0
        Bailey |   7.4 |   7.4 |   0.0 |   N/A |   3.4 | 1736.0
       Volcano |   4.6 |   4.6 |   0.0 |   N/A |   9.6 | 4867.0
               +-------+-------+-------+-------+-------+----------------------

Action                     |  1- 3 |  4- 6 |  7- 9 | 10-12 | 13-15 || total
---------------------------+-------+-------+-------+-------+-------++-------
  Melee: Dagger            |     1 |       |       |       |       ||     1
         Whip              |       |    59 |    43 |   147 |    67 ||   316
         Punch             |       |     1 |       |     1 |       ||     2
   Cast: Magic Dart        |    35 |    75 |   105 |   181 |    49 ||   445
         Searing Ray       |     3 |     9 |    35 |    68 |     4 ||   119
         Iskenderun's Myst |       |       |     9 |    33 |    42 ||    84
         Foxfire           |       |       |       |    29 |       ||    29
         Fulminant Prism   |       |       |       |    19 |    23 ||    42
         Stone Arrow       |       |       |       |    10 |    90 ||   100
         Fireball          |       |       |       |       |     5 ||     5
    Use: Scroll            |     1 |     8 |     4 |    18 |     3 ||    34
         Potion            |       |     1 |       |     5 |     5 ||    11
   Stab: Sleeping          |       |     2 |     1 |     1 |     1 ||     5
 Armour: Robe              |     9 |    44 |    76 |   220 |    89 ||   438
  Dodge: Dodged            |     5 |    49 |    71 |   293 |    80 ||   498
  Block: Other             |       |       |       |       |    17 ||    17

Vanquished Creatures
  Gastronok (D:9)
  An eleionoma (Lair:3)
  A red draconian (Volcano)
  A catoblepas (Lair:4)
  2 centaur warriors
  4 two-headed ogres
  5 death yaks (Lair:4)
  An orc knight (Bailey)
  A salamander (Lair:2)
  A deep elf pyromancer (D:10)
  10 elephants
  3 black mambas
  2 molten gargoyles (Volcano)
  A gargoyle (D:10)
  4 cane toads
  2 yaktaurs (Volcano)
  An unseen horror (D:11)
  5 komodo dragons
  A rime drake (Lair:2)
  A hornet (D:7)
  2 trolls
  2 polar bears
  A blink frog (Lair:2)
  2 shadows
  Sigmund (D:6)
  7 wyverns
  2 wraiths (D:10)
  5 fire bats (Volcano)
  20 yaks
  4 basilisks
  4 steam dragons
  6 vampire mosquitoes
  9 water moccasins
  12 orc warriors
  A black bear (D:4)
  2 ogres (D:5)
  4 wolves
  2 ice beasts (D:7)
  4 centaurs
  3 phantoms
  A kobold brigand (D:11)
  9 bullfrogs
  A gnoll sergeant (D:9)
  2 wyvern zombies (Ossuary)
  5 scorpions
  4 wights (D:10)
  9 killer bees
  4 electric eels (Lair:4)
  3 howler monkeys
  2 centaur zombies (Ossuary)
  9 lava snakes
  6 bullfrog zombies (Ossuary)
  4 hounds
  5 jellies
  2 orc priests
  A gnoll bouda (D:8)
  2 iguanas
  16 mummies (Ossuary)
  4 scorpion zombies (D:8)
  A sleepcap (D:8)
  11 orc wizards
  3 killer bee zombies
  2 howler monkey zombies (Ossuary)
  12 gnolls
  4 howler monkey skeletons (D:8)
  2 adders
  A shadow imp (D:7)
  A white imp (D:5)
  3 ribbon worms
  2 dart slugs (D:2)
  46 orcs
  7 endoplasms
  7 giant cockroaches
  11 goblins
  3 hobgoblins
  7 jackals
  6 quokkas
  7 ball pythons
  5 bats
  7 frilled lizards
  7 kobolds
  8 rats
  A fulminant prism (Lair:2)
394 creatures vanquished.

Vanquished Creatures (collateral kills)
  A death yak (Lair:4)
1 creature vanquished.

Vanquished Creatures (others)
  53 foxfires
  40 fulminant prisms
93 creatures vanquished.

Grand Total: 488 creatures vanquished
